 Dungeon Crawl Stone Soup version 0.24-a0-397-g73b976d855 (webtiles) character file.

Game seed: 13479128982684601514

776 emperorscorpion the Gusty (level 7, -2/38 HPs)
             Began as a Tengu Air Elementalist on June 4, 2019.
             Slain by a freed slave (7 damage)
             ... led by Pikel
             ... on level 4 of the Dungeon.
             The game lasted 00:10:11 (3789 turns).

emperorscorpion the Gusty (Tengu Air Elementalist)  Turns: 3789, Time: 00:10:12

Health: -2/38      AC:  6    Str:  8    XL:     7   Next: 84%
Magic:  0/14       EV: 13    Int: 18    God:
Gold:   172        SH:  0    Dex: 14    Spells: 7/14 levels left

rFire    . . .     SeeInvis .   i - +0 spear
rCold    . . .     Gourm    .   (no shield)
rNeg     . . .     Faith    .   k - +0 leather armour (curse)
rPois    .         Spirit   .   (helmet restricted)
rElec    .         Reflect  .   m - +2 cloak
rCorr    .         Harm     .   (no gloves)
MR       .....                  (boots unavailable)
Stlth    ++........             (no amulet)
HPRegen  0.12/turn              (no ring)
MPRegen  0.14/turn              (no ring)

@: very slightly contaminated
A: beak, talons 3, able to fly
a: Fly


You were on level 4 of the Dungeon.
You were near starving.

You visited 1 branch of the dungeon, and saw 4 of its levels.

You collected 172 gold pieces.

Inventory:

Hand Weapons
 f - a +1 dagger of venom
 g - a +0 dagger
 i - a +0 spear (weapon)
Missiles
 p - 2 boomerangs (quivered)
Armour
 a - a +0 robe
 b - a +0 robe
 k - a cursed +0 leather armour (worn)
 m - a +2 cloak (worn)
Wands
 r - a wand of paralysis (9)
Scrolls
 e - 3 scrolls of remove curse
 h - a scroll of noise {unknown}
 j - 2 scrolls of enchant weapon {unknown}
 l - a scroll of fear {unknown}
 n - 3 scrolls of identify {unknown}
 q - 4 scrolls of magic mapping {unknown}
 u - 2 scrolls of enchant armour {unknown}
 v - a scroll of random uselessness {unknown}
Potions
 d - a potion of curing
 o - a potion of flight
Comestibles
 c - 7 rations


   Skills:
 + Level 1.0 Fighting
 + Level 1.5 Polearms
 + Level 1.3 Throwing
 + Level 2.3 Armour
 + Level 3.3 Dodging
 + Level 2.7 Stealth
 + Level 1.0 Unarmed Combat
 + Level 4.1 Spellcasting
 + Level 5.1 Conjurations
 + Level 6.5 Air Magic


You had 7 spell levels left.
You knew the following spells:

 Your Spells              Type           Power        Failure   Level  Hunger
a - Shock                 Conj/Air       ###.         1%          1    None
b - Swiftness             Chrm/Air       ###.....     8%          2    ##.....
c - Airstrike             Air            ####......   14%         4    ####...

Your spell library contained the following spells:

 Spells                   Type           Power        Failure   Level  Hunger
 Static Discharge         Conj/Air       ###.....     5%          3    ###....
 Lightning Bolt           Conj/Air       ###.......   45%         5    ######.


Dungeon Overview and Level Annotations

Branches:
Dungeon (4/15)
 Temple: D:4-7

Altars:
Nemelex Xobeh
Uskayaw
Wu Jian
The Shining One


Innate Abilities, Weirdness & Mutations

You have a beak for a mouth.
You have claws for feet.
You can fly continuously.


Message History

The freed slave hits you!
Casting: Airstrike (safe; 14% risk of failure)
Confirm with . or Enter, or press ? or * to list all spells.
Aiming: Shock (safe; 1% risk of failure)
Press: ? - help, Shift-Dir - straight line, f/p - freed slave
Aim: a freed slave (almost dead) That beam is likely to hit you.
Continue anyway?
The zap hits the freed slave.
The freed slave is almost dead.
The zap hits the freed slave.
The freed slave is almost dead.
The zap misses you. The freed slave hits you!
You barely miss the freed slave.
The freed slave is almost dead.
The freed slave hits you!
* * * LOW HITPOINT WARNING * * *
You hit the freed slave but do no damage.
The freed slave is almost dead.
The freed slave hits you!
You die...

....#.................####
....####..............#
##### ##.......####..# .#
#........#.#.># .#
#.......#.#...# .#
#.......####..# .##
#............## ..#
#......########## #.#
#######p@.......# #.# #_##
#.).......# #.#
...8##.........# #.#
....##.........# #.#
....8#.........# ####
....##.........# ##
.!.8##.........#########
#_## #..................
## ###..................


You could see a freed slave.

Vanquished Creatures
  Pikel (D:4)
  An ogre (D:4)
  3 slaves
  A hound (D:4)
  2 orc wizards (D:4)
  4 adders
  5 gnolls
  3 oozes
  A dart slug (D:1)
  2 leopard geckos
  3 orcs (D:4)
  3 ball pythons
  5 giant cockroaches
  8 goblins
  6 hobgoblins
  2 jackals (D:3)
  13 kobolds
  A quokka (D:2)
  2 bats
  5 frilled lizards
  5 rats
76 creatures vanquished.

Notes
Turn   | Place    | Note
-------+----------+-------------------------------------------
     0 | D:1      | emperorscorpion the Tengu Air Elementalist began the quest
                  | for the Orb.
     0 | D:1      | Reached XP level 1. HP: 10/10 MP: 4/4
    53 | D:1      | Reached XP level 2. HP: 11/15 MP: 0/6
   419 | D:1      | Reached XP level 3. HP: 19/19 MP: 0/7
   788 | D:1      | Reached skill level 5 in Air Magic
  1142 | D:1      | Learned a level 2 spell: Swiftness
  1238 | D:2      | Reached XP level 4. HP: 24/24 MP: 7/9
  1345 | D:2      | HP: 1/24 [poisoned by an adder]
  2068 | D:2      | Found an ornate altar of the Wu Jian Council.
  2330 | D:3      | Gained mutation: You can fly continuously. [Tengu growth]
  2330 | D:3      | Reached XP level 5. HP: 28/28 MP: 2/10
  2404 | D:3      | Learned a level 4 spell: Airstrike
  2614 | D:3      | Found a sparkling altar of Nemelex Xobeh.
  2883 | D:4      | Noticed a slave
  2885 | D:4      | Noticed a slave
  2888 | D:4      | Noticed Pikel
  2899 | D:4      | Noticed an ogre
  2953 | D:3      | Killed a slave
  3125 | D:4      | Killed an ogre
  3125 | D:4      | Reached skill level 1 in Armour
  3125 | D:4      | Reached XP level 6. HP: 32/32 MP: 3/11
  3187 | D:4      | Noticed a slave
  3353 | D:4      | Killed a slave
  3522 | D:4      | Found a glowing golden altar of the Shining One.
  3525 | D:4      | Found a hide-covered altar of Uskayaw.
  3580 | D:4      | Noticed a slave
  3608 | D:4      | Killed a slave
  3780 | D:4      | Killed Pikel
  3780 | D:4      | Reached skill level 1 in Fighting
  3780 | D:4      | Reached skill level 1 in Polearms
  3780 | D:4      | Reached skill level 1 in Throwing
  3780 | D:4      | Reached skill level 1 in Unarmed Combat
  3780 | D:4      | Reached skill level 5 in Conjurations
  3780 | D:4      | Reached skill level 6 in Air Magic
  3780 | D:4      | Reached XP level 7. HP: 38/38 MP: 12/14
  3789 | D:4      | Slain by a freed slave

Levels and vault maps discovered:
D:1:      dpeg_arrival_pits, layout_loops_ring, minmay_pentomino_t2
D:2:      layout_rooms, marbit_many_paths, first_ration,
          minmay_indecisive_spiral
D:3:      layout_rooms, nemelex_xobeh_ov_fountains_minmay
D:4:      layout_basic, kennysheep_little_box, nicolae_overflow_hidden_temple,
          minmay_misc_feat_tiny, kennysheep_crisscross, uniq_pikel

Skill      XL: |  1  2  3  4  5  6 |
---------------+-------------------+-----
Air Magic      | 5 6 |  6.5
Conjurations   | 2 3 4 5 |  5.1
Armour         | 1 2 |  2.3
Spellcasting   | 3 4 |  4.1
Fighting       | 1 |  1.0
Polearms       | 1 |  1.5
Throwing       | 1 |  1.3
Dodging        | 3 |  3.3
Unarmed Combat | 1 |  1.0
Stealth        | |  2.7

Action                   |  1- 3 |  4- 6 |  7- 9 || total
-------------------------+-------+-------+-------++-------
Melee: Unarmed           |     1 |     7 |     3 ||    11
       Spear             |     1 |    37 |     2 ||    40
       Peck              |       |     8 |       ||     8
       Kick              |       |     7 |       ||     7
Throw: Boomerang         |       |    10 |       ||    10
 Cast: Shock             |    71 |   130 |     1 ||   202
       Swiftness         |       |     1 |       ||     1
       Airstrike         |       |     3 |     2 ||     5
  Use: Scroll            |     1 |       |       ||     1
       Potion            |       |     5 |       ||     5
 Stab: Confused          |       |     2 |       ||     2
  Eat: Chunk             |     2 |     7 |       ||     9
Armor: Leather armour    |     1 |    21 |     1 ||    23
Dodge: Dodged            |     7 |    47 |     3 ||    57

Table legend:
 A = Non-vault XP
 B = Vault XP
 C = Vault XP percentage of total XP
 D = Non-vault monster count
 E = Vault monster count
 F = Vault count percentage of total count
                 A         B        C        D         E       F
            +---------+---------+-------+---------+---------+-------
      Total |     453 |     656 |  59.2 |      65 |       8 |  11.0
            +---------+---------+-------+---------+---------+-------
        D:1 |      66 |       5 |   7.0 |      27 |       2 |   6.9
        D:2 |      43 |      22 |  33.8 |      18 |       5 |  21.7
        D:3 |      81 |       0 |   0.0 |      11 |       0 |   0.0
        D:4 |     263 |     629 |  70.5 |       9 |       1 |  10.0
            +---------+---------+-------+---------+---------+-------
